 Dungeon Crawl Stone Soup version 0.28-a0-1396-gdcb3f3653b (webtiles) character file.

Game seed: 6014594400929505017

9876 Cheeritup the Grappler (level 11, -2/99 HPs)
             Began as a Ghoul Gladiator on Jan 5, 2022.
             Was a Believer of Makhleb.
             Slain by a skeletal warrior (16 damage)
             ... led by a skeletal warrior
             ... on level 11 of the Dungeon.
             The game lasted 00:57:58 (12694 turns).

Cheeritup the Grappler (Ghoul Gladiator)           Turns: 12694, Time: 00:57:58

Health: -2/99      AC: 12    Str: 19    XL:     11   Next: 53%
Magic:  12/12      EV: 13    Int:  3    God:    Makhleb [**....]
Gold:   516        SH:  0    Dex: 14    Spells: 10/12 levels left

rFire   . . .      SeeInvis .     - Unarmed
rCold   + . .      Faith    .   (no shield)
rNeg    + + +      Spirit   .   c - +3 troll leather armour {Snorg}
rPois   ∞          Reflect  .   I - +0 helmet
rElec   .          Harm     .   q - +0 cloak
rCorr   .          Rampage  .   (no gloves)
Will    .....                   z - +0 pair of boots
Stlth   +++.......              (no amulet)
HPRegen 0.00/turn               n - ring of wizardry
MPRegen 0.13/turn               (no ring)

@: mighty, about to teleport, inhibited regen
A: claws 1, cold resistance 1, negative energy resistance 3, inhibited
regeneration, torment resistance 2
a: Renounce Religion, Minor Destruction


You were on level 11 of the Dungeon.
You worshipped Makhleb.
Makhleb was pleased with you.
You visited 1 branch of the dungeon, and saw 11 of its levels.
You also visited: Ossuary.

You collected 516 gold pieces.

Inventory:

Hand Weapons
 b - a +0 hunting sling of venom
 k - a +2 vampiric lajatang
 p - a +3 quarterstaff of chaos
 H - a +2 short sword of speed
Missiles
 d - 6 boomerangs
 j - a throwing net (quivered)
 o - 56 sling bullets
 L - 3 curare-tipped darts
Armour
 a - a +0 chain mail of cold resistance
 c - a +3 troll leather armour (worn) {Snorg}
 q - a +0 cloak (worn)
 v - the +1 ring mail of Fipp {rF+ Int+3}
   (You found it on level 9 of the Dungeon)

   Int:       It affects your intelligence (+3).
   rF:        It protects you from fire.
 y - +0 acid dragon scales
 z - a +0 pair of boots (worn)
 I - a +0 helmet (worn)
 J - +0 steam dragon scales
Magical Staves
 x - a staff of poison
 G - a staff of death
Jewellery
 n - a ring of wizardry (left claw)
 A - a ring of ice
Wands
 w - a wand of mindburst (4)
 F - a wand of flame (19)
 K - a wand of digging (8)
Scrolls
 e - a scroll of magic mapping
 m - a scroll of teleportation
 E - 2 scrolls of brand weapon
 M - a scroll of enchant weapon {unknown}
Potions
 f - a potion of flight {unknown}
 g - 2 potions of mutation {unknown}
 h - 5 potions of curing
 i - 2 potions of degeneration {unknown}
 l - a potion of ambrosia {unknown}
 r - 2 potions of brilliance
 t - a potion of invisibility
 u - a potion of haste {unknown}
 B - a potion of magic
 C - 3 potions of heal wounds
 D - 4 potions of might


   Skills:
 + Level 9.9 Fighting
 - Level 3.0 Throwing
 - Level 6.4 Armour
 - Level 5.2 Dodging
 + Level 5.3 Stealth
 + Level 12.6 Unarmed Combat
 - Level 1.0 Spellcasting
 - Level 3.0 Invocations


You had 10 spell levels left.
You knew the following spells:

 Your Spells              Type           Power      Damage    Failure   Level
a - Animate Skeleton      Necr           0%         N/A       26%         1
b - Slow                  Hex            0%         N/A       26%         1

Your spell library contained the following spells:

 Spells                   Type           Power      Damage    Failure   Level
 Pain                     Necr           0%         1d4       26%         1
 Sandblast                Erth           0%         2d4       26%         1
 Ensorcelled Hibernation  Hex/Ice        0%         N/A       34%         2
 Passwall                 Tmut/Erth      0%         N/A       34%         2
 Confusing Touch          Hex            0%         N/A       56%         3
 Stone Arrow              Conj/Erth      0%         3d7       56%         3
 Summon Guardian Golem    Hex/Summ       0%         N/A       56%         3
 Vampiric Draining        Necr           0%         2d6       56%         3
 Summon Ice Beast         Ice/Summ       0%         N/A       91%         4
 Summon Mana Viper        Hex/Summ       0%         N/A       99%         5
 Monstrous Menagerie      Summ           0%         N/A       100%        7
 Orb of Destruction       Conj           0%         N/A       100%        7
 Spellforged Servitor     Conj/Summ      0%         N/A       100%        7
 Spider Form              Tmut/Pois      Unusable   N/A       N/A         3

Dungeon Overview and Level Annotations

Branches:
Dungeon (11/15)            Temple (0/1) D:7            Lair (0/6) D:11
    Orc (0/2) D:11        Ossuary (visited)

Altars:
Dithmenos
Elyvilon
Hepliaklqana
Kikubaaqudgha
Makhleb
Uskayaw
Vehumet
Xom
Zin

Shops:
D:11 ([

Annotations:
D:10 8 exclusions, Sonja


Innate Abilities, Weirdness & Mutations

You thrive by killing the living.
You are immune to poison.
You have sharp fingernails.
Your flesh is cold resistant. (rC+)
You are immune to negative energy. (rN+++)
You do not regenerate when monsters are visible.
You are immune to unholy pain and torment.


Message History

The boulder beetle is lightly wounded.
The boulder beetle hits you!
The boulder beetle stops rolling and uncurls.
The skeletal warrior hits you with a +0 flail!
You claw the boulder beetle!
The boulder beetle is lightly wounded.
The boulder beetle leaps!
The skeletal warrior hits you with a +0 flail!!
* * * LOW HITPOINT WARNING * * *
The boulder beetle curls into a ball and begins rolling!
You claw the skeletal warrior!
The skeletal warrior is moderately damaged.
The skeletal warrior hits you with a +0 flail.
* * * LOW HITPOINT WARNING * * *
You scratch the skeletal warrior.
The skeletal warrior is moderately damaged.
The skeletal warrior closely misses you.
You scratch the skeletal warrior.
The skeletal warrior is moderately damaged.
The skeletal warrior closely misses you.
You claw the skeletal warrior!
The skeletal warrior is heavily damaged.
The skeletal warrior hits you with a +0 flail.
* * * LOW HITPOINT WARNING * * *
As you read the scroll of teleportation, it crumbles to dust.
You feel strangely unstable. The boulder beetle closely misses you.
The boulder beetle stops rolling and uncurls.
The skeletal warrior closely misses you.
You closely miss the skeletal warrior.
The skeletal warrior is heavily damaged.
The boulder beetle bites you!
* * * LOW HITPOINT WARNING * * *
You mangle the skeletal warrior!!
The skeletal warrior is almost destroyed.
The skeletal warrior misses you.
The boulder beetle bites you but does no damage.
You closely miss the skeletal warrior.
The skeletal warrior is almost destroyed.
The skeletal warrior hits you with a +0 flail!
You die...

******* ,,,,,,* ###########
****#,* #.........# ≈≈≈≈#.*
#.........# ,,,,#.#*
#.........#####
,,,,#..##*#.............#
,,,.#....##.....z.......#
***#'...........@.......#********
#....##...#....∩.B.∩......,,,,,,,
#....*#..≈.#...............,,,,,,
#..!.##.#≈.............#...,,,,,,
#zz.O...≈≈.................,*****
.z....#≈z#.#####.........,,,,**
z<....#.≈#.# *!.........,,,,,*
......#.≈#.####.....(...,,,,,,*
.......≈≈.............,,,,,,,,*


You could see a boulder beetle and a skeletal warrior.

Vanquished Creatures
  Snorg (D:10)
  A two-headed ogre (D:9)
  Maggie (D:10)
  A gargoyle (D:7)
  8 yaks (D:9)
  A wraith (D:9)
  A steam dragon (D:9)
  Grum (D:10)
  2 acid dragons (D:9)
  2 water moccasins
  10 orc warriors
  2 black bears
  2 ice beasts
  A necrophage (D:7)
  An ogre (D:5)
  2 wolves (D:10)
  A hornet zombie (D:5)
  6 centaurs
  A bullfrog (D:6)
  2 gnoll sergeants
  3 scorpions
  11 killer bees
  9 wights (D:9)
  A howler monkey (D:5)
  6 centaur zombies
  3 jellies
  2 gnoll shamans
  6 orc priests
  A centaur skeleton (D:6)
  2 hounds
  Crazy Yiuf (D:3)
  Jessica (D:3)
  4 iguanas
  Natasha (twice) (D:4)
  15 orc wizards
  4 mummies (Ossuary)
  2 howler monkey zombies
  18 gnolls
  2 howler monkey skeletons
  9 adders
  A shadow imp (D:7)
  3 white imps
  An ufetubus (D:6)
  2 worms (D:2)
  2 dart slugs (D:1)
  41 orcs
  4 ball pythons
  6 endoplasms
  3 giant cockroaches (D:1)
  4 goblins
  6 hobgoblins
  7 kobolds
  2 quokkas
  4 bats
  2 frilled lizards (D:1)
  A hobgoblin zombie (Ossuary)
  A jackal zombie (D:4)
  5 rats
244 creatures vanquished.

Vanquished Creatures (collateral kills)
  A two-headed ogre (D:8)
  A gnoll shaman (D:8)
  An orc wizard (D:8)
  A gnoll (D:8)
  3 orcs (D:8)
7 creatures vanquished.

Vanquished Creatures (others)
  A quokka (D:9)
1 creature vanquished.

Grand Total: 252 creatures vanquished

Notes
Turn   | Place    | Note
-------+----------+-------------------------------------------
     0 | D:1      | Cheeritup the Ghoul Gladiator began the quest for the Orb.
     0 | D:1      | Reached XP level 1. HP: 17/17 MP: 0/0
    58 | D:1      | Reached XP level 2. HP: 19/24 MP: 1/1
   227 | D:1      | Reached skill level 4 in Unarmed Combat
   651 | D:1      | Reached XP level 3. HP: 29/29 MP: 2/2
  1358 | D:2      | Reached skill level 5 in Unarmed Combat
  1419 | D:2      | Found a faded altar of an unknown god.
  1705 | D:2      | Reached XP level 4. HP: 36/36 MP: 3/3
  1848 | D:3      | Reached skill level 1 in Stealth
  2032 | D:3      | Reached skill level 1 in Armour
  2032 | D:3      | Reached XP level 5. HP: 33/42 MP: 4/4
  2136 | D:3      | Noticed Jessica
  2153 | D:3      | Killed Jessica
  2461 | D:3      | Found an ancient bone altar of Kikubaaqudgha.
  2586 | D:3      | Found a runed translucent door.
  2587 | D:3      | Noticed Crazy Yiuf
  2593 | D:3      | Killed Crazy Yiuf
  2749 | D:4      | Reached XP level 6. HP: 52/52 MP: 5/5
  2770 | D:4      | Reached skill level 6 in Unarmed Combat
  2822 | D:4      | Noticed Natasha
  2841 | D:4      | Killed Natasha
  3156 | D:4      | Found a sand-covered staircase.
  3170 | Ossuary  | Entered an ossuary
  3476 | Ossuary  | Reached skill level 7 in Unarmed Combat
  3476 | Ossuary  | Reached XP level 7. HP: 56/59 MP: 6/6
  3593 | D:4      | Noticed Natasha
  3637 | D:4      | Killed Natasha
  3654 | D:5      | Entered Level 5 of the Dungeon
  4053 | D:6      | Reached skill level 5 in Fighting
  4053 | D:6      | Reached XP level 8. HP: 68/68 MP: 7/7
  4117 | D:5      | Reached skill level 8 in Unarmed Combat
  4672 | D:5      | Reached skill level 9 in Unarmed Combat
  5606 | D:6      | Reached skill level 10 in Unarmed Combat
  5826 | D:7      | Reached XP level 9. HP: 75/75 MP: 8/8
  6170 | D:7      | Found a burning altar of Makhleb.
  6503 | D:7      | Noticed a cacodemon
  6504 | D:7      | Noticed an angel
  6513 | D:7      | Became a worshipper of Makhleb the Destroyer
  6699 | D:7      | Found a hide-covered altar of Uskayaw.
  6719 | D:7      | Noticed a gargoyle
  6723 | D:7      | Found a hazy altar of Hepliaklqana.
  6739 | D:7      | Killed a gargoyle
  6740 | D:7      | Reached skill level 5 in Armour
  6953 | D:7      | Found a faded altar of an unknown god.
  7282 | D:7      | Found a staircase to the Ecumenical Temple.
  7889 | D:8      | Reached * piety under Makhleb
  8309 | D:8      | Reached XP level 10. HP: 18/86 MP: 9/9
  9040 | D:8      | Noticed a two-headed ogre
  9077 | D:8      | Killed a two-headed ogre
  9581 | D:9      | Reached skill level 11 in Unarmed Combat
  9760 | D:9      | Found a radiant altar of Vehumet.
  9760 | D:9      | Found a shadowy altar of Dithmenos.
  9765 | D:9      | Found a shimmering altar of Xom.
  9810 | D:9      | Identified the +1 ring mail of Fipp {rF+ Int+3}
 10317 | D:9      | Reached skill level 12 in Unarmed Combat
 10569 | D:9      | Learned a level 1 spell: Animate Skeleton
 10663 | D:9      | Reached ** piety under Makhleb
 10670 | D:9      | Noticed a two-headed ogre
 10692 | D:9      | Killed a two-headed ogre
 10693 | D:9      | Reached skill level 5 in Dodging
 10693 | D:9      | Reached XP level 11. HP: 88/97 MP: 9/12
 11195 | D:10     | Entered Level 10 of the Dungeon
 11502 | D:10     | Noticed Snorg
 11531 | D:10     | Killed Snorg
 11642 | D:10     | Noticed Grum
 11730 | D:10     | Killed Grum
 11835 | D:10     | Noticed a cyclops
 11835 | D:10     | Noticed an eight-headed hydra
 12069 | D:10     | Noticed a harpy
 12069 | D:10     | a culicivora changed into a harpy
 12289 | D:10     | Noticed Maggie
 12309 | D:10     | Killed Maggie
 12310 | D:10     | Reached skill level 5 in Stealth
 12492 | D:10     | Noticed Sonja
 12567 | D:11     | Learned a level 1 spell: Slow
 12612 | D:11     | Reached skill level 1 in Spellcasting
 12624 | D:11     | Found a staircase to the Orcish Mines.
 12624 | D:11     | Found Ijogaom's Armour Shop.
 12624 | D:11     | Noticed a skeletal warrior
 12624 | D:11     | Noticed a skeletal warrior
 12624 | D:11     | Noticed a skeletal warrior
 12640 | D:11     | Noticed a boulder beetle
 12655 | D:11     | Noticed a two-headed ogre
 12657 | D:11     | Noticed a skeletal warrior
 12664 | D:11     | Found Guidiattola's Weapon Shop.
 12694 | D:11     | Slain by a skeletal warrior

Illustrated notes

Levels and vault maps discovered:
D:1:      scummos_arrival_gate, layout_basic
D:2:      layout_loops_ring, ebering_ecumenical_altar_mist
D:3:      layout_rooms, nicolae_kikubaaqudgha_miasma_corner,
          uniq_crazy_yiuf_cottage, uniq_jessica
D:4:      layout_basic, enter_ossuary_3, uniq_natasha
D:5:      layout_cave_pools
D:6:      layout_loops_ring
D:7:      layout_loops_ring, beargit_hepliaklqana_dungeon_heroes,
          kennysheep_mini_moat, grunt_temple_overflow_order_and_chaos_2,
          minmay_temple_entry_from_below_a, enter_bailey_4,
          minmay_misc_feat_plants
D:8:      layout_layer_cave, kennysheep_generic_room_4
D:9:      layout_long_grid, grunt_temple_overflow_open, elyvilon_altar_4,
          minmay_misc_feat_pillars, kennysheep_small_square
D:10:     layout_stronghold, minmay_diamond_spiral, uniq_snorg, uniq_sonja,
          uniq_maggie, uniq_grum
D:11:     layout_rooms, lair_entry_dummy, orc_david_3, serial_rivers,
          chequers_serial_rivers_large_a, chequers_serial_rivers_small_3,
          chequers_serial_rivers_marsh, chequers_serial_rivers_small_a,
          chequers_serial_rivers_room_a, minmay_statues_item

Skill      XL: |  1  2  3  4  5  6  7  8  9 10 11 |
---------------+----------------------------------+-----
Unarmed Combat | 4 5 7 10 12 | 12.6
Throwing       | 2 3 |  3.0
Dodging        | 3 5 |  5.2
Stealth        | 1 2 4 5 |  5.3
Armour         | 1 3 6 |  6.4
Fighting       | 4 5 6 7 9 |  9.9
Invocations    | 3 |  3.0
Spellcasting   | 1 |  1.0

Action                   |  1- 3 |  4- 6 |  7- 9 | 10-12 || total
-------------------------+-------+-------+-------+-------++-------
Melee: Unarmed           |   111 |   136 |   374 |   312 ||   933
       Punch             |     2 |     1 |    18 |    18 ||    39
Throw: Dart              |       |       |     4 |    10 ||    14
       Boomerang         |       |       |     3 |     9 ||    12
       Throwing net      |       |       |     1 |     6 ||     7
 Cast: Animate Skeleton  |       |       |       |     5 ||     5
Invok: Minor Destruction |       |       |       |     2 ||     2
Evoke: Wand              |       |       |     1 |    10 ||    11
  Use: Scroll            |       |     5 |    13 |     9 ||    27
       Potion            |       |     1 |     2 |     2 ||     5
 Stab: Distracted        |       |       |     1 |       ||     1
       Sleeping          |       |       |       |     3 ||     3
Armor: Leather armour    |    28 |    20 |       |       ||    48
       Chain mail        |       |    33 |   249 |    44 ||   326
       Ring mail         |       |       |       |    37 ||    37
       Acid dragon scale |       |       |       |    10 ||    10
       Troll leather arm |       |       |       |    41 ||    41
Dodge: Dodged            |    56 |    59 |   176 |   209 ||   500

Table legend: (Time is in decaauts)
 A = Elapsed time spent in this place.
 B = Non-inter-level travel time spent in this place.
 C = Inter-level travel time spent in this place.
 D = Time resting spent in this place.
 E = Time spent auto-exploring this place.
 F = Levels seen in this place.
 G = Mean time per level.
                   A        B        C        D        E       F      G
               +--------+--------+--------+--------+--------+-----+--------+
         Total |  12557 |  12332 |    225 |   3093 |   5852 |  12 | 1046.4 |
       Dungeon |  12144 |  11919 |    225 |   2829 |   5790 |  11 | 1104.0 |
       Ossuary |    413 |    413 |      0 |    264 |     62 |   1 |  413.0 |
               +--------+--------+--------+--------+--------+-----+--------+

Top non-repeatable levels by time:
     D:8: 1905 daAuts
     D:9: 1903 daAuts
     D:7: 1528 daAuts
    D:10: 1315 daAuts
     D:2: 1190 daAuts
     D:6: 1128 daAuts
     D:5: 994 daAuts
     D:1: 873 daAuts
     D:3: 618 daAuts
     D:4: 541 daAuts
 Ossuary: 413 daAuts
    D:11: 145 daAuts
